 Dungeon Crawl Stone Soup version 0.29.1-15-g9cfb28693d (webtiles) character file.

Game seed: 4683058430658502181

40 hawla the Chiller (level 4, -3/33 HPs)
             Began as a Meteoran Ice Elementalist on Feb 23, 2023.
             Slain by a quokka (5 damage)
             ... on level 4 of the Dungeon.
             The game lasted 00:02:52 (480 turns).

hawla the Chiller (Meteoran Ice Elementalist)        Turns: 480, Time: 00:02:53

Health: -3/33      AC:  2    Str:  9    XL:     4   Next: 0%
Magic:  6/10       EV: 12    Int: 19    God:
Gold:   96         SH:  0    Dex: 14    Spells: 5/9 levels left

rFire   . . .      SeeInvis .   (no weapon)
rCold   . . .      Faith    .   (no shield)
rNeg    . . .      Spirit   .   a - +0 robe
rPois   .          Reflect  .   (no helmet)
rElec   .          Harm     .   (no cloak)
rCorr   .          Rampage  .   (no gloves)
Will    .....                   (no boots)
Stlth   +.........              (no amulet)
HPRegen 0.11/turn               (no ring)
MPRegen 0.12/turn               (no ring)

@: glowing
A: sense surroundings 1, otherworldly, glowing, explore regen
a: no special abilities


You were on level 4 of the Dungeon.
You visited 1 branch of the dungeon, and saw 4 of its levels.

You collected 96 gold pieces.

Inventory:

Armour
 a - a +0 robe (worn)
Wands
 d - a wand of flame (24)
Potions
 b - a potion of magic
 f - a potion of berserk rage


   Skills:
 + Level 2.7 Dodging
 - Level 1.4 Stealth
 + Level 3.4 Spellcasting
 + Level 5.2 Ice Magic


You had 5 spell levels left.
You knew the following spells:

 Your Spells              Type           Power      Damage    Failure   Level
a - Freeze                Ice            92%        1d10      1%          1
b - Frozen Ramparts       Ice            46%        1d7       5%          3

Your spell library contained the following spells:

 Spells                   Type           Power      Damage    Failure   Level
 Ozocubu's Armour         Ice            23%        N/A       5%          3
 Hailstorm                Conj/Ice       13%        3d5       45%         4


Dungeon Overview and Level Annotations

Branches:
Dungeon (4/15) Zot: 1919
 Temple: D:4-7

Altars:


Innate Abilities, Weirdness & Mutations

You passively map a small area around you.
You are easily found by Zot.
You glow in the dark.
You regain HP and MP as you explore.


Message History

The hound attacks as you move away! The hound bites you.
The adder barely misses you. The hound bites you.
The hound attacks as you move away! The hound closely misses you.
The adder attacks as you move away! The adder bites you.
The hound attacks as you move away! The hound barely misses you.
The hound bites you. The adder barely misses you. The adder bites you.
You are poisoned.
The adder poisons you!
You feel sick. The hound bites you but does no damage.
The quokka closely misses you.
Casting: Freeze (safe; 1% risk of failure)
Confirm with . or Enter, or press ? or * to list all spells.
The spell is quite dangerous to miscast (5% risk of failure)!
Continue anyway?
Casting: Frozen Ramparts (quite dangerous; 5% risk of failure)
Press: ? - help, Dir - look around, f - activate The walls around you are covered in ice.
You feel sick.
The wall freezes the hound.
The hound bites you. The quokka bites you.
* * * LOW HITPOINT WARNING * * *
Casting: Frozen Ramparts (quite dangerous; 5% risk of failure)
Confirm with . or Enter, or press ? or * to list all spells.
Aiming: Freeze (safe; 1% risk of failure)
Press: ? - help, Shift-Dir - straight line, f - adder
Aim: an adder (lightly wounded)
You freeze the adder!
The adder is almost dead.
The adder seems to slow down.
You feel sick.
The wall freezes the hound.
The hound bites you but does no damage.
The wall freezes the adder.
You kill the adder!
The quokka bites you but does no damage.
The wall freezes the hound.
The hound bites you.
* * * LOW HITPOINT WARNING * * *
You have reached level 4!
It was a potion of cancellation.
Your magical effects are unravelling.
You feel magically purged.
The frozen ramparts melt away.
You feel sick.
You are no longer poisoned.
The quokka bites you.
You die...

,, * , #.#* #..#
,* ** #..# ,
##.## * ##...# *
* ##....## ,
##......## *
###@h......# , **
*#...r......##
#............## *
*
#..##.....$.....#
...
##.[........## ,
* .#*
##..........## ,
* *
##..........#*, ,
* ##...⌠.....# ,
##.........#,


You could see a hound and a quokka.

Vanquished Creatures
  An adder (D:4)
  A dart slug (D:3)
  An endoplasm (D:3)
  A giant cockroach (D:3)
  2 goblins (D:2)
  4 hobgoblins
  3 jackals (D:3)
  3 kobolds
  2 quokkas (D:3)
  5 ball pythons
  3 rats
26 creatures vanquished.

Notes
Turn   | Place    | Note
-------+----------+-------------------------------------------
     0 | D:1      | hawla the Meteoran Ice Elementalist began the quest for the
                  | Orb.
     0 | D:1      | Reached XP level 1. HP: 14/14 MP: 5/5
   170 | D:2      | Reached XP level 2. HP: 20/20 MP: 3/6
   306 | D:3      | Reached XP level 3. HP: 25/26 MP: 3/8
   348 | D:3      | Reached skill level 5 in Ice Magic
   431 | D:3      | Learned a level 3 spell: Frozen Ramparts
   480 | D:4      | Reached XP level 4. HP: 3/33 MP: 5/10
   480 | D:4      | Slain by a quokka

Illustrated notes

Levels and vault maps discovered:
D:1:      dpeg_arrival_pond, layout_loops_corners,
          shapermc_ecumenical_altar_petra
D:2:      layout_rooms, nicolae_eternal_life, dreamdust_wishing_well,
          minmay_misc_feat_four_crosses
D:3:      minmay_octagon_keep, layout_loops_corners, grunt_qazlal_sundering,
          amcnicky_altar_gilded, uniq_robin
D:4:      layout_cave_pods, solitary_fountain, minmay_surrounded

Skill      XL: |  1  2  3 |
---------------+----------+-----
Spellcasting   | 3 |  3.4
Ice Magic      | 5 |  5.2
Dodging        | |  2.7
Stealth        | |  1.4

Action                   |  1- 3 |  4- 6 || total
-------------------------+-------+-------++-------
Melee: Unarmed           |     3 |       ||     3
 Cast: Freeze            |    34 |       ||    34
       Frozen Ramparts   |     2 |       ||     2
  Use: Scroll            |     3 |       ||     3
       Potion            |       |     1 ||     1
Armor: Robe              |     5 |       ||     5
Dodge: Dodged            |    25 |       ||    25
